 Dungeon Crawl Stone Soup version 0.27.1 (console) character file.

Game seed: 4470598392674007637

200 thromnambular the Insei (level 5, -1/41 HPs)
             Began as a Gnoll Transmuter on Sept 2, 2021.
             Was a Priest of Lugonu.
             Slain by Pikel (15 damage)
             ... on level 4 of the Dungeon.
             The game lasted 00:07:53 (3420 turns).

thromnambular the Insei (Gnoll Transmuter)          Turns: 3420, Time: 00:07:53

Health: -1/41      AC:  2    Str: 10    XL:     5   Next: 79%
Magic:  3/12       EV: 22    Int: 13    God:    Lugonu [***...]
Gold:   146        SH:  0    Dex: 17    Spells: 4/14 levels left

rFire    . . .     SeeInvis .     - Unarmed
rCold    . . .     Faith    .   (shield currently unavailable)
rNeg     . . .     Spirit   .   (armour currently unavailable)
rPois    x         Reflect  .   (helmet currently unavailable)
rElec    .         Harm     .   (cloak currently unavailable)
rCorr    .         Rampage  .   (gloves currently unavailable)
Will     .....                  (boots currently unavailable)
Stlth    ++........             (no amulet)
HPRegen  0.13/turn              (no ring)
MPRegen  0.13/turn              (no ring)

@: spider-form, very slightly contaminated
A: venomous fangs, tiny, (fangs 1), strong nose, distributed training
a: End Transformation, Renounce Religion, Depart the Abyss, Bend Space, Banish


You were on level 4 of the Dungeon.
You worshipped Lugonu.
Lugonu was most pleased with you.
You were a venomous arachnid creature.
You visited 1 branch of the dungeon, and saw 6 of its levels.

You collected 146 gold pieces.

Inventory:

Missiles
 d - 11 poisoned darts
Armour
 a - a +0 helmet (melded)
 b - a +0 leather armour (melded)
 e - the +2 pair of gloves of Tenacity (melded) {rPois rF+}
   (You found it on level 4 of the Dungeon)

   rF:        It protects you from fire.
   rPois:     It protects you from poison.
 h - a +0 pair of boots (melded)
Wands
 f - a wand of flame (1)
 i - a wand of acid (10)
Scrolls
 c - a scroll of brand weapon
 j - a scroll of identify
 k - 3 scrolls of magic mapping
Potions
 g - 2 potions of degeneration


   Skills:
 + Level 3.0 Fighting
 + Level 1.6 Short Blades
 + Level 1.6 Long Blades
 + Level 1.6 Axes
 + Level 1.6 Maces & Flails
 + Level 1.6 Polearms
 + Level 1.6 Staves
 + Level 1.6 Slings
 + Level 1.6 Bows
 + Level 1.6 Crossbows
 + Level 1.6 Throwing
 + Level 1.6 Armour
 + Level 4.8 Dodging
 + Level 1.6 Stealth
 + Level 1.6 Shields
 + Level 6.7 Unarmed Combat
 + Level 5.2 Spellcasting
 + Level 1.3 Conjurations
 + Level 1.3 Hexes
 + Level 1.3 Summonings
 + Level 1.3 Necromancy
 + Level 1.3 Translocations
 + Level 4.0 Transmutations
 + Level 1.3 Fire Magic
 + Level 1.3 Ice Magic
 + Level 1.3 Air Magic
 + Level 1.3 Earth Magic
 + Level 1.3 Poison Magic
 + Level 1.8 Invocations
 + Level 1.6 Evocations


You had 4 spell levels left.
You knew the following spells:

 Your Spells              Type           Power      Damage    Failure   Level
a - Beastly Appendage     Tmut           26%        N/A       12%         1
b - Wereblood             Tmut           13%        N/A       16%         2
c - Foxfire               Conj/Fire      24%        2x1d5     26%         1
d - Spider Form           Tmut/Pois      5%         N/A       38%         3
e - Mephitic Cloud        Conj/Pois/Air  6%         N/A       54%         3

Your spell library contained the following spells:

 Spells                   Type           Power      Damage    Failure   Level
 Magic Dart               Conj           24%        1d4       26%         1
 Call Imp                 Summ           6%         N/A       34%         2
 Conjure Flame            Conj/Fire      6%         6-21      54%         3
 Inner Flame              Hex/Fire       6%         N/A       54%         3
 Ice Form                 Ice/Tmut       10%        N/A       73%         4


Dungeon Overview and Level Annotations

Branches:
Dungeon (6/15)
 Temple: D:4-7

Altars:
Cheibriados
Fedhas
Ru
Lugonu

Annotations:
D:4 Pikel


Innate Abilities, Weirdness & Mutations

You are a venomous arachnid creature.
You have poisonous fangs.
You are tiny and dextrous.
Your spellcasting is less reliable in this form.
Your armour is entirely melded.
You are incapable of wielding weapons or throwing items.
((You have very sharp teeth.))
Your uncanny sense of smell can sniff out nearby items.
Your experience applies equally to all skills.


Message History

The +2 pair of gloves of Tenacity {rPois rF+} melds into your body.
Your +0 pair of boots melds into your body.
Your +0 leather armour melds into your body.
You bite Pikel!
Pikel is moderately wounded.
Pikel completely misses you.
You hit Pikel but do no damage.
Pikel is poisoned.
Pikel is moderately wounded.
Pikel misses you.
You barely miss Pikel.
Pikel is moderately wounded.
Pikel closely misses you.
You completely miss Pikel.
Pikel is moderately wounded.
You hit Pikel but do no damage.
Pikel looks as sick as possible!
Pikel is moderately wounded.
Pikel closely misses you.
You closely miss Pikel.
Pikel is moderately wounded.
Pikel closely misses you.
You hit Pikel.
Pikel looks as sick as possible!
Pikel is heavily wounded.
Pikel hits you with a +2 whip of electrocution!
Casting: Spider Form (quite dangerous; 38% risk of failure)
Confirm with . or Enter, or press ? or * to list all spells.
You conjure some foxfire!
The lemure shouts!
Pikel hits you with a +2 whip of electrocution!
You hit Pikel but do no damage.
Pikel looks as sick as possible!
Pikel is severely wounded.
The foxfire hits Pikel but does no damage.
Pikel is severely wounded.
The foxfire hits Pikel.
Pikel is severely wounded.
Pikel hits you with a +2 whip of electrocution!
Casting: Foxfire (safe; 26% risk of failure)
Confirm with . or Enter, or press ? or * to list all spells.
You miscast Foxfire.
Nothing appears to happen.
Pikel hits you with a +2 whip of electrocution!
You die...

######### ########## #####
#.....K.# .........# ....#
#.#####.# .........####.##.# #.#
#.#
(.....†.......##.####.#####.#####
#####.#####>...§sK55............K
#####.# #...###.####.#####.#####
....#.# ##..####.# #.# #......
### #.# #........####.###########
..#.#.# #..†.....................
#.#.#.# #.......#.........###....
#.#.#.# #.......#.........###....
#<#.#.# #.......#..........##....
#.#.#.# #########................


You could see Pikel (extremely poisoned) and 2 lemures.

Vanquished Creatures
  A hound (D:6)
  An orc priest (D:3)
  An orc wizard (D:2)
  4 adders
  An ufetubus (D:6)
  A dart slug (D:1)
  7 orcs
  7 endoplasms
  3 giant cockroaches
  7 goblins
  3 hobgoblins
  4 jackals (D:1)
  2 quokkas (D:3)
  6 ball pythons
  3 bats
  4 frilled lizards
  7 kobolds
  5 rats
67 creatures vanquished.

Vanquished Creatures (others)
  32 foxfires
  A plant (D:1)
33 creatures vanquished.

Grand Total: 100 creatures vanquished

Notes
Turn   | Place    | Note
-------+----------+-------------------------------------------
     0 | D:1      | thromnambular the Gnoll Transmuter began the quest for the
                  | Orb.
     0 | D:1      | Reached XP level 1. HP: 17/17 MP: 6/6
   651 | D:1      | Reached XP level 2. HP: 23/23 MP: 5/7
  1498 | D:2      | Reached XP level 3. HP: 18/28 MP: 7/9
  1500 | D:2      | Reached skill level 5 in Spellcasting
  1506 | D:2      | Reached skill level 1 in Invocations
  1634 | D:2      | Found a faded altar of an unknown god.
  1644 | D:2      | Became a worshipper of Lugonu the Unformed
  1644 | D:2      | Reached * piety under Lugonu
  1644 | D:2      | Reached ** piety under Lugonu
  1665 | D:2      | Reached skill level 1 in Short Blades
  1665 | D:2      | Reached skill level 1 in Long Blades
  1665 | D:2      | Reached skill level 1 in Axes
  1665 | D:2      | Reached skill level 1 in Maces & Flails
  1665 | D:2      | Reached skill level 1 in Polearms
  1665 | D:2      | Reached skill level 1 in Staves
  1665 | D:2      | Reached skill level 1 in Slings
  1665 | D:2      | Reached skill level 1 in Bows
  1665 | D:2      | Reached skill level 1 in Crossbows
  1665 | D:2      | Reached skill level 1 in Throwing
  1665 | D:2      | Reached skill level 1 in Armour
  1665 | D:2      | Reached skill level 1 in Stealth
  1665 | D:2      | Reached skill level 1 in Shields
  1665 | D:2      | Reached skill level 1 in Evocations
  1720 | D:2      | Reached XP level 4. HP: 29/34 MP: 9/11
  2285 | D:2      | Reached skill level 1 in Conjurations
  2285 | D:2      | Reached skill level 1 in Hexes
  2285 | D:2      | Reached skill level 1 in Summonings
  2285 | D:2      | Reached skill level 1 in Necromancy
  2285 | D:2      | Reached skill level 1 in Translocations
  2285 | D:2      | Reached skill level 1 in Fire Magic
  2285 | D:2      | Reached skill level 1 in Ice Magic
  2285 | D:2      | Reached skill level 1 in Air Magic
  2285 | D:2      | Reached skill level 1 in Earth Magic
  2285 | D:2      | Reached skill level 1 in Poison Magic
  2416 | D:3      | Learned a level 2 spell: Wereblood
  2418 | D:3      | Learned a level 1 spell: Foxfire
  2422 | D:3      | Learned a level 3 spell: Spider Form
  2439 | D:3      | You fall into a shaft and drop 3 floors!
  2439 | D:6      | Found a sacrificial altar of Ru.
  2453 | D:6      | Reached XP level 5. HP: 28/40 MP: 5/12
  2493 | D:6      | Noticed a phantom
  2499 | D:5      | Entered Level 5 of the Dungeon
  2546 | D:4      | Learned a level 3 spell: Mephitic Cloud
  2574 | D:4      | Identified the +2 pair of gloves of Tenacity {rPois rF+}
  2623 | D:4      | Noticed a lemure
  2624 | D:4      | Noticed Pikel
  2624 | D:4      | Noticed a lemure
  2625 | D:4      | Noticed a lemure
  2625 | D:4      | Noticed a lemure
  2703 | D:3      | Reached *** piety under Lugonu
  2928 | D:3      | Found a blossoming altar of Fedhas.
  2979 | D:3      | Found a snail-covered altar of Cheibriados.
  3225 | D:4      | Noticed an ogre
  3420 | D:4      | Slain by Pikel

Illustrated notes

Levels and vault maps discovered:
D:1:      kilobyte_arrival_exit_the_forest, layout_loops_corners,
          serial_bayou_ford_a
D:2:      layout_rooms, ebering_ecumenical_altar_abandoned
D:3:      layout_rooms, mainiacjoe_overflow_surrounded_room, lemuel_doored_altar
D:4:      layout_basic, nzn_overflow_gifts_of_might_and_magic,
          hangedman_abyss_or_decor_stabs, nicolae_shop_clearance, uniq_pikel
D:5:      layout_basic, minmay_temple_entry_drinking_statues
D:6:      layout_basic, nicolae_kikubaaqudgha_miasma_corner,
          mainiacjoe_overflow_alcove_1,
          mainiacjoe_overflow_concentric_impassable, lemuel_crystal_altar

Skill      XL: |  1  2  3  4  5 |
---------------+----------------+-----
Spellcasting   | 5 |  5.2
Invocations    | 1 |  1.8
Short Blades   | 1 |  1.6
Long Blades    | 1 |  1.6
Axes           | 1 |  1.6
Maces & Flails | 1 |  1.6
Polearms       | 1 |  1.6
Staves         | 1 |  1.6
Slings         | 1 |  1.6
Bows           | 1 |  1.6
Crossbows      | 1 |  1.6
Throwing       | 1 |  1.6
Armour         | 1 |  1.6
Stealth        | 1 |  1.6
Shields        | 1 |  1.6
Evocations     | 1 |  1.6
Conjurations   | 1 |  1.3
Hexes          | 1 |  1.3
Summonings     | 1 |  1.3
Necromancy     | 1 |  1.3
Translocations | 1 |  1.3
Fire Magic     | 1 |  1.3
Ice Magic      | 1 |  1.3
Air Magic      | 1 |  1.3
Earth Magic    | 1 |  1.3
Poison Magic   | 1 |  1.3
Fighting       | 3 |  3.0
Transmutations | 4 |  4.0
Dodging        | |  4.8
Unarmed Combat | |  6.7

Action                   |  1- 3 |  4- 6 || total
-------------------------+-------+-------++-------
Melee: Unarmed           |    49 |    83 ||   132
       Kick              |     9 |     5 ||    14
       Headbutt          |     2 |     3 ||     5
       Bite              |     2 |     2 ||     4
       Punch             |     1 |     1 ||     2
 Cast: Beastly Appendage |    18 |    15 ||    33
       Spider Form       |       |     2 ||     2
       Foxfire           |       |    17 ||    17
Evoke: Wand              |     8 |       ||     8
  Use: Scroll            |       |     3 ||     3
 Stab: Sleeping          |       |     1 ||     1
Armor: Leather armour    |    12 |    17 ||    29
Dodge: Dodged            |    27 |    58 ||    85
